 Dungeon Crawl Stone Soup version 0.25.0-26-g0c896c7088 (webtiles) character file.

Game seed: 10733275607128133225

17033 protoss039 the Eclecticist (level 12, -3/59 HPs)
             Began as a Deep Elf Earth Elementalist on July 1, 2020.
             Was an Elder of Vehumet.
             Slain by Jorgrun
             ... wielding a +0 vorpal quarterstaff
              (9 damage)
             ... while petrified by Jorgrun
             ... on level 12 of the Dungeon.
             The game lasted 00:42:10 (14719 turns).

protoss039 the Eclecticist (DEEE)                  Turns: 14719, Time: 00:42:11

Health: -3/59      AC:  6    Str:  5    XL:     12   Next: 15%
Magic:  26/35      EV:  2    Int: 26    God:    Vehumet [****..]
Gold:   645        SH:  0    Dex: 15    Spells: 31/46 levels left

rFire    . . .     SeeInvis .   G - +2 quarterstaff (chaos)
rCold    . . .     Gourm    .   (shield currently unavailable)
rNeg     + + +     Faith    .   i - +0 leather armour
rPois    ∞         Spirit   .   e - +0 helmet
rElec    .         Reflect  .   C - +0 cloak
rCorr    .         Harm     .   M - +0 pair of gloves
MR       ++...                  (no boots)
Stlth    ++........             (no amulet)
HPRegen  0.19/turn              (no ring)
MPRegen  0.24/turn              (no ring)

@: petrified
A: hooves 1, magic resistance 1, screaming 1
a: Renounce Religion


You were on level 12 of the Dungeon.
You worshipped Vehumet.
Vehumet was greatly pleased with you.
You were not hungry.

You visited 2 branches of the dungeon, and saw 13 of its levels.

You collected 871 gold pieces.
You spent 226 gold pieces at shops.

Inventory:

Hand Weapons
 o - a +0 hand axe
 z - a +1 war axe of distortion
 G - a +2 quarterstaff of chaos (weapon)
 K - a +2 short sword of draining
 L - a +2 dagger of holy wrath
Missiles
 b - 89 stones (quivered)
Armour
 e - a +0 helmet (worn)
 i - a +0 leather armour (worn)
 C - a +0 cloak (worn)
 M - a +0 pair of gloves (worn)
Magical Staves
 O - an uncursed staff of death
Jewellery
 r - an uncursed ring of magical power {unknown}
 y - an uncursed ring of resist corrosion
 D - an uncursed amulet of the acrobat {unknown}
 E - an uncursed amulet of regeneration
 R - an uncursed ring of resist corrosion
Wands
 a - a wand of flame (29)
 x - a wand of paralysis (6)
 A - a wand of acid (5)
 P - a wand of digging (4)
Scrolls
 g - a scroll of torment {unknown}
 h - 3 scrolls of fog
 l - 4 scrolls of remove curse {unknown}
 m - 9 scrolls of identify {unknown}
 n - 6 scrolls of blinking {unknown}
 q - 2 scrolls of enchant weapon {unknown}
 s - 2 scrolls of enchant armour {unknown}
 u - a scroll of immolation {unknown}
 v - 3 scrolls of noise {unknown}
 I - a scroll of holy word {unknown}
 N - 2 scrolls of amnesia {unknown}
 S - a scroll of silence {unknown}
Potions
 f - 4 potions of curing
 j - 4 potions of flight {unknown}
 k - 2 potions of haste {unknown}
 p - 3 potions of might {unknown}
 t - 3 potions of mutation
 w - a potion of heal wounds
 B - 4 potions of ambrosia {unknown}
 F - a potion of cancellation {unknown}
 H - 2 potions of lignification {unknown}
 J - 3 potions of stabbing {unknown}
Comestibles
 d - 22 rations
 Q - 6 chunks of flesh


   Skills:
 - Level 0.6 Short Blades
 - Level 2.4 Dodging
 - Level 2.4 Stealth
 * Level 17.9 Spellcasting
 + Level 3.2 Conjurations
 + Level 1.3 Transmutations
 * Level 14.1 Earth Magic


You had 31 spell levels left.
You knew the following spells:

 Your Spells              Type           Power        Failure   Level  Hunger
a - Sandblast             Erth           ######       0%          1    None
b - Passwall              Tmut/Erth      ######..     1%          2    None
c - Stone Arrow           Conj/Erth      ######       1%          3    None
d - Petrify               Tmut/Erth      ######..     1%          4    None
e - Lee's Rapid Deconstr  Erth           #######...   1%          5    None

Your spell library contained the following spells:

 Spells                   Type           Power        Failure   Level  Hunger
 Fulminant Prism          Conj/Hex       ####......   4%          4    None


Dungeon Overview and Level Annotations

Branches:
Dungeon (12/15)            Temple (1/1) D:5            Lair (0/6) D:9
    Orc (0/2) D:10

Altars:
Ashenzari
Cheibriados
Dithmenos
Elyvilon
Fedhas
Gozag
Hepliaklqana
Kikubaaqudgha
Makhleb
Nemelex Xobeh
Okawaru
Qazlal
Ru
Sif Muna
Trog
Uskayaw
Vehumet
Wu Jian
Xom
Yredelemnul
Zin
The Shining One

Shops:
D:7 [*:*=   D:10 :

Annotations:
D:2 Jessica
D:10 3 exclusions
D:11 exclusions: door and 1 more exclusion
D:12 Jorgrun


Innate Abilities, Weirdness & Mutations

You have large cloven feet.
You are resistant to hostile enchantments. (MR+)
You occasionally shout uncontrollably at your foes.


Message History

Unknown command.
Casting: Lee's Rapid Deconstruction (safe; 1% risk of failure)
Confirm with . or Enter, or press ? or * to list all spells.
Aiming: Lee's Rapid Deconstruction (safe; 1% risk of failure)
Press: ? - help, Dir - move target cursor A rock wall.
The wall shatters!
The blast of rock fragments hits Jorgrun!!
Jorgrun is moderately wounded.
Jorgrun gestures at you while chanting.
You easily resist.
Jorgrun hits you with a +0 vorpal quarterstaff.
* * * LOW HITPOINT WARNING * * *
You have turned to stone.
Jorgrun casts a spell at you.
You easily resist.
Jorgrun hits you with a +0 vorpal quarterstaff!
* * * LOW HITPOINT WARNING * * *
x2 Jorgrun hits you with a +0 vorpal quarterstaff!!
You die...

#.##)## #.#..# *,* *,.....,
#.###.## #.#..## *,* #,,....,
#.# ##.###.....# *,### #.##..##
#.# ##[##.##..####,..# *,.....,
#.######..........#*#.# ***#..##
#.#.............## #.# #....
#.########.....#.## #.# #..##
#.................###<######..##
#######........@g#§##.##........
#....[.....§.....#...O.T.#.
#..........§........####...
#.###.................>#..#
#.###...#...#####.#.....[##
#.........#.# ##.###....,
#########...# *## #####, ##.##
*, #.# *,


You could see Jorgrun.

Vanquished Creatures
  Rupert (D:12)
  A hydra (D:11)
  2 two-headed ogres
  Nergalle (D:11)
  An unseen horror (D:11)
  A manticore (D:12)
  A cyclops (D:11)
  3 centaur skeletons (D:10)
  A troll (shapeshifter) (D:11)
  Grinder (D:3)
  3 trolls
  4 hippogriffs
  A shadow (D:11)
  Sigmund (D:6)
  A wraith (D:12)
  2 yaks (D:7)
  A human (D:7)
  A wyvern (D:8)
  2 hogs (D:7)
  A basilisk (D:11)
  A soldier ant (D:11)
  2 wargs (D:9)
  3 water moccasins
  Duvessa (D:6)
  5 orc warriors
  2 sky beasts
  2 ice beasts
  5 black bears
  2 eyes of draining
  3 phantoms
  6 ogres
  5 centaurs
  2 crocodiles
  2 big kobolds (D:11)
  9 bullfrogs
  Dowan (D:6)
  2 scorpions
  6 killer bees
  2 howler monkeys
  3 crimson imps
  A bullfrog zombie (D:12)
  2 centaur zombies
  6 hounds
  5 jellies
  Crazy Yiuf (D:7)
  10 orc priests
  11 orc wizards
  3 bullfrog skeletons
  An iguana (D:8)
  14 worker ants
  3 hound skeletons
  A howler monkey zombie (D:7)
  3 gnolls (D:5)
  15 adders
  A hound simulacrum (D:11)
  A shadow imp (D:5)
  2 oozes
  3 adder zombies
  3 adder skeletons
  2 worms
  A dart slug (D:2)
  6 leopard geckos
  56 orcs
  A ball python (D:8)
  5 giant cockroaches
  8 goblins
  8 hobgoblins
  13 jackals
  5 quokkas
  3 bats
  6 frilled lizards
  16 kobolds
  A quokka skeleton (D:8)
  10 rats
321 creatures vanquished.

Notes
Turn   | Place    | Note
-------+----------+-------------------------------------------
     0 | D:1      | protoss039 the Deep Elf Earth Elementalist began the quest
                  | for the Orb.
     0 | D:1      | Reached XP level 1. HP: 10/10 MP: 6/6
   250 | D:1      | Reached XP level 2. HP: 15/15 MP: 6/8
  1180 | D:2      | Reached XP level 3. HP: 19/19 MP: 8/10
  1210 | D:2      | Noticed Jessica
  1425 | D:2      | Reached skill level 4 in Spellcasting
  1761 | D:3      | Reached XP level 4. HP: 11/24 MP: 7/12
  1941 | D:3      | Noticed a bullfrog
  2141 | D:3      | Noticed Grinder
  2155 | D:3      | Learned a level 2 spell: Passwall
  2167 | D:3      | Paralysed by Grinder for 2 turns
  2169 | D:3      | Killed Grinder
  2169 | D:3      | Reached skill level 6 in Spellcasting
  2169 | D:3      | Reached skill level 5 in Earth Magic
  2169 | D:3      | Reached XP level 5. HP: 15/28 MP: 9/16
  2169 | D:3      | Reached XP level 6. HP: 17/32 MP: 9/17
  2226 | D:3      | Learned a level 3 spell: Stone Arrow
  2772 | D:3      | Reached skill level 7 in Spellcasting
  3313 | D:4      | You fall into a shaft and drop 1 floor!
  3313 | D:5      | Entered Level 5 of the Dungeon
  3314 | D:5      | Noticed an ice beast
  3329 | D:5      | Found a staircase to the Ecumenical Temple.
  3337 | Temple   | Entered the Ecumenical Temple
  3495 | Temple   | Learned a level 4 spell: Petrify
  3501 | Temple   | Learned a level 5 spell: Lee's Rapid Deconstruction
  3527 | D:5      | Reached XP level 7. HP: 24/36 MP: 15/20
  3848 | D:4      | Reached skill level 8 in Spellcasting
  4476 | D:5      | Reached skill level 9 in Spellcasting
  4514 | D:5      | Reached skill level 1 in Conjurations
  4514 | D:5      | Reached XP level 8. HP: 41/41 MP: 1/23
  4851 | D:5      | Reached skill level 10 in Spellcasting
  5664 | D:6      | Found a radiant altar of Vehumet.
  5730 | D:6      | Became a worshipper of Vehumet
  5922 | D:6      | Reached skill level 11 in Spellcasting
  5983 | D:6      | Noticed Duvessa
  5984 | D:6      | Noticed Dowan
  5989 | D:6      | Killed Duvessa
  5990 | D:6      | Killed Dowan
  6295 | D:6      | Noticed Sigmund
  6305 | D:6      | Killed Sigmund
  6305 | D:6      | Reached XP level 9. HP: 30/45 MP: 16/26
  6672 | D:6      | Reached skill level 12 in Spellcasting
  7199 | D:7      | Reached skill level 10 in Earth Magic
  7337 | D:7      | Found Onti's General Store.
  7342 | D:7      | Reached * piety under Vehumet
  7342 | D:7      | Offered knowledge of Shock by Vehumet.
  7374 | D:7      | Reached skill level 13 in Spellcasting
  7633 | D:7      | Found Heje's Armour Boutique.
  7641 | D:7      | Bought a +0 cloak for 58 gold pieces
  7664 | D:7      | Bought a scroll of fear for 49 gold pieces
  7664 | D:7      | Bought a +0 helmet for 63 gold pieces
  7700 | D:7      | Found Pipseum's General Store.
  7786 | D:7      | Bought a scroll of magic mapping for 56 gold pieces
  7814 | D:7      | Found Qeqothri's Jewellery Shoppe.
  7927 | D:7      | Found a runed translucent door.
  7928 | D:7      | Noticed Crazy Yiuf
  7973 | D:7      | Reached XP level 10. HP: 50/50 MP: 8/29
  8137 | D:7      | Found Xerghoel's Book Emporium.
  8237 | D:7      | Killed Crazy Yiuf
  8316 | D:8      | Reached skill level 14 in Spellcasting
  8814 | D:8      | Noticed a two-headed ogre
  8820 | D:8      | Killed a two-headed ogre
  9429 | D:8      | Offered knowledge of Foxfire by Vehumet.
  9631 | D:8      | Reached ** piety under Vehumet
 10069 | D:9      | Reached skill level 15 in Spellcasting
 10359 | D:9      | Offered knowledge of Conjure Flame by Vehumet.
 10508 | D:9      | Found a staircase to the Lair.
 11382 | D:10     | Entered Level 10 of the Dungeon
 11382 | D:10     | Found Dyved's Book Boutique.
 11505 | D:10     | Reached *** piety under Vehumet
 11682 | D:10     | Reached XP level 11. HP: 54/54 MP: 28/32
 11863 | D:10     | Found a staircase to the Orcish Mines.
 11950 | D:10     | Offered knowledge of Airstrike by Vehumet.
 12468 | D:11     | Noticed a five-headed hydra
 12616 | D:11     | Reached **** piety under Vehumet
 12794 | D:11     | Found a bloodstained altar of Trog.
 12819 | D:11     | Killed an unseen horror
 12819 | D:11     | Reached skill level 16 in Spellcasting
 12909 | D:11     | Killed a five-headed hydra
 13062 | D:11     | Noticed a two-headed ogre
 13066 | D:11     | Killed a two-headed ogre
 13397 | D:11     | Offered knowledge of Fulminant Prism by Vehumet.
 13492 | D:11     | Noticed a purple ugly thing
 13548 | D:11     | Noticed Nergalle
 13561 | D:11     | Killed Nergalle
 13561 | D:11     | Reached skill level 17 in Spellcasting
 13821 | D:12     | Noticed Jorgrun
 13846 | D:12     | Noticed Rupert
 14368 | D:12     | Killed Rupert
 14368 | D:12     | Reached XP level 12. HP: 59/59 MP: 5/35
 14713 | D:12     | Gained mutation: You occasionally shout uncontrollably at
                  | your foes. [potion of mutation]
 14713 | D:12     | Gained mutation: You have large cloven feet. [potion of
                  | mutation]
 14713 | D:12     | Gained mutation: You are resistant to hostile enchantments.
                  | (MR+) [potion of mutation]
 14719 | D:12     | Slain by Jorgrun

Illustrated notes

Levels and vault maps discovered:
D:1:      sevenhm_arrival_forest_fort_small_4, layout_basic, glass_columns_a
D:2:      layout_rooms, first_ration, minmay_misc_feat_alley, uniq_jessica
D:3:      layout_basic, uniq_grinder
D:4:      layout_cave_pools
D:5:      layout_rooms, minmay_temple_entry_steel_oval
D:6:      layout_basic, lemuel_coloured_pillars_altar, uniq_duvessa,
          uniq_sigmund
D:7:      layout_cave_pools, serial_shops, shop, shop, nicolae_shop_crystal,
          nicolae_shop_stone, shop, serial_park, serial_park_gazebo
          [serial_park_minivault_5x5_1], serial_park_tiny_pond, grunt_livestock,
          uniq_crazy_yiuf_cottage
D:8:      layout_basic, chequers_serial_rivers_small_3
D:9:      layout_small_grid, erik_lair_orcish_takeover
D:10:     layout_long_grid, hiddenorc1_lemuel, serial_shops, shop_fountains
D:11:     minmay_chambers_of_sixes, layout_cave_pools, kennysheep_flooded_box,
          uniq_nergalle
D:12:     layout_loops_ring, uniq_jorgrun, uniq_rupert
Temple:   dpeg_three_leaves_temple

Skill      XL: |  1  2  3  4  5  6  7  8  9 10 11 |
---------------+----------------------------------+-----
Earth Magic    | 4 5 6 7 9 10 12 14 | 14.1
Spellcasting   | 4 6 7 9 11 13 15 17 | 17.9
Conjurations   | 1 2 3 |  3.2
Short Blades   | |  0.6
Dodging        | |  2.4
Stealth        | |  2.4
Transmutations | |  1.3

Action                   |  1- 3 |  4- 6 |  7- 9 | 10-12 || total
-------------------------+-------+-------+-------+-------++-------
Melee: Dagger            |    22 |     1 |       |       ||    23
       Hand axe          |       |     1 |       |       ||     1
       Quarterstaff      |       |       |       |     1 ||     1
 Cast: Sandblast         |    43 |    38 |    88 |    65 ||   234
       Stone Arrow       |       |    10 |    76 |   101 ||   187
       Passwall          |       |     1 |       |     1 ||     2
       Lee's Rapid Decon |       |       |    14 |    95 ||   109
       Petrify           |       |       |     2 |     1 ||     3
  Use: Potion            |       |     3 |       |     5 ||     8
       Scroll            |       |     4 |       |     8 ||    12
  Eat: Chunk             |     2 |     5 |    10 |    18 ||    35
       Ration            |       |       |     2 |     1 ||     3
Armor: Leather armour    |     3 |     6 |     3 |    13 ||    25
Dodge: Dodged            |    12 |    18 |    18 |    23 ||    71
